 Dungeon Crawl Stone Soup version 0.26-a0-642-g67e99244d3 (webtiles) character file.

Game seed: 7077136936824681127

2394 Colgate the Cruncher (level 9, -3/40 HPs)
             Began as a Gargoyle Gladiator on Sept 20, 2020.
             Was an Initiate of Ru.
             Slain by a two-headed ogre
             ... wielding a cursed -1 giant spiked club
              (6 damage)
             ... on level 8 of the Dungeon on Sept 21, 2020.
             The game lasted 01:19:39 (8715 turns).

Colgate the Cruncher (Gargoyle Gladiator)           Turns: 8715, Time: 01:19:41

Health: -3/40      AC: 14    Str: 19    XL:     9   Next: 46%
Magic:  9/9        EV: 15    Int:  9    God:    Ru [......]
Gold:   537        SH:  0    Dex: 13    Spells: 8/8 levels left

rFire    . . .     SeeInvis .   b - +3 quarterstaff (drain)
rCold    . . .     Faith    .   (shield currently unavailable)
rNeg     + . .     Spirit   .   N - +1 ring mail {rPois}
rPois    ∞         Reflect  .   c - +0 helmet
rElec    +         Harm     .   (no cloak)
rCorr    .         Rampage  .   (no gloves)
MR       .....                  (no boots)
Stlth    +.........             (no amulet)
HPRegen  0.13/turn              r - ring of wizardry
MPRegen  0.11/turn              G - +4 ring of evasion

@: no status effects
A: hooves 1, frail 2, negative energy resistance 1, electricity resistance,
unbreathing, petrification resistance, rot immunity, MP-powered wands, AC +6
a: Renounce Religion


You were on level 8 of the Dungeon.
You worshipped Ru.
Ru was noncommittal.
You visited 2 branches of the dungeon, and saw 9 of its levels.

You collected 537 gold pieces.

Inventory:

Hand Weapons
 a - a +0 shortbow
 b - a +3 quarterstaff of draining (weapon)
 w - a +2 hand axe of flaming
 x - a +0 trident
 K - a +2 flail of draining
Missiles
 d - 2 throwing nets
 e - 255 stones
 f - 96 sling bullets
 h - 15 bolts
 i - 112 arrows
 z - 18 poisoned darts
 F - 4 datura-tipped darts
 M - 4 atropa-tipped darts (quivered)
Armour
 c - a +0 helmet (worn)
 k - a +0 chain mail
 y - a +0 robe
 E - a +2 leather armour of poison resistance
 I - the +3 buckler "Ynnun" {rPois rF- rCorr Dex+2}
   (You found it on level 6 of the Dungeon)

   It affects your dexterity (+2).
   It makes you vulnerable to fire.
   It protects you from poison.
   It provides partial protection from all sources of acid and corrosion.
 L - a +0 plate armour
 N - a +1 ring mail of poison resistance (worn)
Jewellery
 r - a ring of wizardry (left hand)
 G - a +4 ring of evasion (right hand)
Wands
 u - a wand of flame (14)
 J - a wand of digging (1)
Scrolls
 j - 7 scrolls of identify
 m - 3 scrolls of enchant weapon
 n - 5 scrolls of amnesia
 o - 3 scrolls of random uselessness
 q - 3 scrolls of fear
 t - 7 scrolls of remove curse
 v - a scroll of immolation {unknown}
 A - a scroll of teleportation {unknown}
 H - a scroll of blinking {unknown}
 O - a scroll of fog {unknown}
Potions
 g - 2 potions of curing
 l - 2 potions of haste
 p - a potion of ambrosia
 s - a potion of cancellation
 B - 2 potions of flight
 C - a potion of heal wounds
 D - a potion of lignification {unknown}


   Skills:
 + Level 3.1 Fighting
 - Level 10.0 Staves
 - Level 7.0 Bows
 - Level 2.0 Throwing
 - Level 2.2 Armour
 - Level 2.4 Dodging
 - Level 1.1 Stealth


You had 8 spell levels left.
You didn't know any spells.
Your spell library contained the following spells:

 Spells                   Type           Power        Failure   Level
 Shock                    Conj/Air       #...         26%         1
 Swiftness                Air            #.......     38%         2
 Confusing Touch          Hex            #.......     58%         3
 Gell's Gravitas          Tloc           #.........   58%         3
 Static Discharge         Conj/Air       #.......     58%         3
 Airstrike                Air            #.........   92%         4
 Petrify                  Tmut/Erth      #.......     92%         4
 Lightning Bolt           Conj/Air       #.........   99%         5
 Metabolic Englaciation   Hex/Ice        #.........   99%         5
 Summon Demon             Summ           #.........   99%         5
 Summon Forest            Summ/Tloc      #.........   99%         5
 Summon Mana Viper        Hex/Summ       #.......     99%         5
 Yara's Violent Unravell  Hex/Tmut       #.........   99%         5
 Shadow Creatures         Summ           N/A          100%        6
 Summon Hydra             Summ           #.........   100%        7


Dungeon Overview and Level Annotations

Branches:
Dungeon (8/15)             Temple (1/1) D:6
   Lair: D:8-11

Altars:
Ashenzari
Cheibriados
Dithmenos
Elyvilon
Fedhas
Gozag
Hepliaklqana
Kikubaaqudgha
Makhleb
Okawaru
Qazlal
Ru
Sif Muna
Trog
Uskayaw
Vehumet
Wu Jian
Xom
Yredelemnul
Zin
The Shining One

Annotations:
D:5 3 runed translucent doors, haldagan's ghost, novice OgHu


Innate Abilities, Weirdness & Mutations

You are resistant to torment.
Your stone body is resilient. (AC +6)
You are immune to poison.
You resist negative energy. (rN+)
You are resistant to electric shocks. (rElec)
You can survive without breathing.
You are immune to petrification.
You are immune to rotting.
You have large cloven feet.
You are very frail. (-20% HP)
You expend magic power (3 MP) to strengthen your wands.


Message History

The two-headed ogre is heavily wounded.
The killer bee stings you. x2
You sock the two-headed ogre! Your kick misses the two-headed ogre.
The two-headed ogre is severely wounded.
The killer bee barely misses you. The killer bee completely misses you.
The two-headed ogre hits you with a cursed -1 giant spiked club!
The two-headed ogre hits you with a +0 giant club!!
Ouch! That really hurt!
* * * LOW HITPOINT WARNING * * *
The killer bee barely misses you.
You hit the two-headed ogre.
The two-headed ogre is severely wounded.
The killer bee closely misses you. x2
You sock the two-headed ogre! You kick the two-headed ogre.
The two-headed ogre is almost dead.
The killer bee misses you.
The killer bee stings you but does no damage.
The killer bee misses you. The two-headed ogre misses you.
The two-headed ogre hits you with a +0 giant club.
You die...

#........###... ##.............
####.............
.............# #...........#
##...........### #
#..............## .#
###......).≈......# ..#
##..........≈.y@≈≈.# ..
##.........≈≈≈>yyO.## ##.#
#........≈≈....≈≈...# ###...##
.......#..≈≈...#....###.<.[..#
......####.≈≈≈###.............#
.....## ####≈≈≈##......(......#
....## #####..≈..........##
..### ...≈≈.(..(.....# .##
......≈.....(....#


You could see a two-headed ogre and 3 killer bees.

Vanquished Creatures
  A hippogriff (D:7)
  An orc warrior (D:6)
  2 ice beasts (D:6)
  A sky beast (D:5)
  A necrophage (D:7)
  4 centaurs
  2 ogres
  A bullfrog (D:6)
  3 scorpions
  3 wights (D:7)
  2 howler monkeys (D:6)
  A quasit (D:6)
  A bullfrog zombie (D:5)
  A jelly (D:6)
  2 hounds
  3 bullfrog skeletons
  A centaur skeleton (D:4)
  2 orc priests
  4 orc wizards
  An iguana (D:4)
  4 worker ants
  A hound skeleton (D:7)
  3 worker ant zombies
  6 adders
  4 gnolls (D:2)
  A shadow imp (D:7)
  2 white imps (D:6)
  An ufetubus (D:5)
  2 oozes
  An adder skeleton (D:4)
  3 worms
  5 leopard geckos
  22 orcs
  4 ball pythons
  8 bats
  4 giant cockroaches
  7 goblins
  6 hobgoblins
  5 jackals
  7 kobolds
  4 quokkas
  14 frilled lizards
  A quokka skeleton (D:5)
  11 rats
  A spectral orc (D:5)
164 creatures vanquished.

Vanquished Creatures (others)
  A plant (D:5)
1 creature vanquished.

Grand Total: 165 creatures vanquished

Notes
Turn   | Place    | Note
-------+----------+-------------------------------------------
     0 | D:1      | Colgate the Gargoyle Gladiator began the quest for the Orb.
     0 | D:1      | Reached XP level 1. HP: 12/12 MP: 1/1
   215 | D:1      | Reached XP level 2. HP: 17/17 MP: 2/2
   458 | D:1      | Reached skill level 4 in Staves
   475 | D:1      | Reached XP level 3. HP: 21/21 MP: 3/3
  1080 | D:2      | Reached skill level 1 in Armour
  1311 | D:2      | Reached XP level 4. HP: 26/26 MP: 4/4
  1615 | D:2      | Reached skill level 5 in Staves
  1973 | D:1      | Reached XP level 5. HP: 29/30 MP: 5/5
  3084 | D:3      | Reached skill level 6 in Staves
  4009 | D:4      | Reached XP level 6. HP: 34/35 MP: 6/6
  4580 | D:4      | Reached skill level 7 in Staves
  4703 | D:4      | Reached XP level 7. HP: 14/40 MP: 7/7
  5220 | D:5      | Entered Level 5 of the Dungeon
  5426 | D:5      | Reached skill level 8 in Staves
  5687 | D:5      | Found a runed translucent gate.
  5687 | D:5      | Found a runed translucent gate.
  5687 | D:5      | Found a runed translucent gate.
  5695 | D:5      | Noticed haldagan's ghost (novice OgHu)
  5697 | D:5      | Noticed a troll
  5876 | D:5      | Found a basalt altar of Yredelemnul.
  6049 | D:5      | Reached XP level 8. HP: 38/44 MP: 8/8
  6368 | D:6      | Reached skill level 9 in Staves
  6417 | D:6      | Got a masterwork buckler
  6424 | D:6      | Identified the +3 buckler "Ynnun" {rPois rF- rCorr Dex+2}
                  | (You found it on level 6 of the Dungeon)
  6454 | D:6      | Found a staircase to the Ecumenical Temple.
  6959 | D:6      | Reached skill level 10 in Staves
  7241 | D:6      | Gained mutation: Your body sometimes deteriorates upon
                  | taking damage. [potion of mutation]
  7241 | D:6      | Gained mutation: You have sharp toenails. [potion of
                  | mutation]
  7241 | D:6      | Gained mutation: You are somewhat resistant to further
                  | mutation. [potion of mutation]
  7242 | D:6      | Lost mutation: Your body sometimes deteriorates upon taking
                  | damage. [potion of mutation]
  7242 | D:6      | Lost mutation: You are somewhat resistant to further
                  | mutation. [potion of mutation]
  7242 | D:6      | Lost mutation: You have sharp toenails. [potion of
                  | mutation]
  7242 | D:6      | Gained mutation: You are frail. (-10% HP) [potion of
                  | mutation]
  7242 | D:6      | Gained mutation: You are very frail. (-20% HP) [potion of
                  | mutation]
  7242 | D:6      | Gained mutation: You expend magic power (3 MP) to
                  | strengthen your wands. [potion of mutation]
  7242 | D:6      | Gained mutation: You have large cloven feet. [potion of
                  | mutation]
  7427 | D:6      | Reached XP level 9. HP: 38/38 MP: 9/9
  7528 | D:6      | Reached skill level 5 in Bows
  8021 | Temple   | Entered the Ecumenical Temple
  8042 | Temple   | Became a worshipper of Ru the Awakened
  8391 | D:7      | Found a white marble altar of Elyvilon.
  8492 | D:7      | Reached skill level 1 in Stealth
  8644 | D:8      | Found a shattered altar of Ashenzari.
  8645 | D:8      | Found a hide-covered altar of Uskayaw.
  8646 | D:8      | Found an iron altar of Okawaru.
  8646 | D:8      | Found a burning altar of Makhleb.
  8702 | D:8      | Noticed a two-headed ogre
  8713 | D:8      | HP: 2/40 [two-headed ogre/cursed -1 giant spiked club (22)]
  8715 | D:8      | Slain by a two-headed ogre

Illustrated notes

Levels and vault maps discovered:
D:1:      kilobyte_arrival_exit_the_forest, layout_basic, st_stairs_3,
          minmay_lizard_pond
D:2:      layout_basic
D:3:      layout_basic
D:4:      layout_loops_ring
D:5:      layout_basic, yredelemnul_forgotten_temple_becter,
          gammafunk_ghost_split, serial_bayou_lake_a
D:6:      layout_basic, minmay_temple_entry_from_below_a
D:7:      layout_cave_pools, elyvilon_altar_4, minivault_23
D:8:      layout_cave_pods, nemelex_xobeh_ov_fountains_minmay,
          chequers_temple_overflow_statue_of_worship, fungi_pond_lemuel,
          chequers_serial_rivers_small_b, kennysheep_decorative_pillar,
          nicolae_lava_and_water, uniq_joseph, uniq_pikel, uniq_grum
Temple:   minmay_freezing_vapour_temple

Skill      XL: |  1  2  3  4  5  6  7  8  9 |
---------------+----------------------------+-----
Staves         | 4 5 6 7 8 10 | 10.0
Throwing       | 2 |  2.0
Armour         | 1 2 |  2.2
Bows           | 4 7 |  7.0
Stealth        | 1 |  1.1
Fighting       | 3 |  3.1
Dodging        | |  2.4

Action                   |  1- 3 |  4- 6 |  7- 9 || total
-------------------------+-------+-------+-------++-------
Melee: Quarterstaff      |   106 |   219 |   174 ||   499
       Short sword       |       |    23 |       ||    23
       Kick              |       |       |    15 ||    15
 Fire: Hunting sling     |       |       |    19 ||    19
       Shortbow          |       |       |    80 ||    80
Throw: Stone             |    54 |    80 |    13 ||   147
       Dart              |       |     4 |    32 ||    36
       Throwing net      |       |     2 |     1 ||     3
Evoke: Wand              |       |       |     3 ||     3
  Use: Scroll            |       |       |    12 ||    12
       Potion            |       |       |     2 ||     2
 Stab: Held in net/web   |       |     1 |     1 ||     2
Armor: Leather armour    |    32 |    37 |    32 ||   101
       Ring mail         |       |    46 |    18 ||    64
Dodge: Dodged            |    75 |   120 |   103 ||   298

Table legend: (Time is in decaauts)
 A = Elapsed time spent in this place.
 B = Non-inter-level travel time spent in this place.
 C = Inter-level travel time spent in this place.
 D = Time resting spent in this place.
 E = Time spent auto-exploring this place.
 F = Levels seen in this place.
 G = Mean time per level.
                   A        B        C        D        E       F      G
               +--------+--------+--------+--------+--------+-----+--------+
         Total |   8746 |   8248 |    498 |    272 |   6107 |   9 |  971.8 |
       Dungeon |   8719 |   8226 |    493 |    272 |   6097 |   8 | 1089.9 |
        Temple |     26 |     21 |      5 |      0 |     10 |   1 |   26.0 |
               +--------+--------+--------+--------+--------+-----+--------+

Top non-repeatable levels by time:
     D:6: 1494 daAuts
     D:3: 1486 daAuts
     D:1: 1370 daAuts
     D:2: 1264 daAuts
     D:5: 1157 daAuts
     D:4: 1129 daAuts
     D:7: 737 daAuts
     D:8: 79 daAuts
  Temple: 26 daAuts
